 Dungeon Crawl Stone Soup version 0.26-a0-651-gb41185065b (webtiles) character file.

Game seed: 9585418268889782

1299 Arthanis the Chopper (level 8, -10/94 HPs)
             Began as a Demonspawn Berserker on Oct 10, 2020.
             Was an Elder of Trog.
             Mangled by an orc warrior
             ... wielding a +0 glaive
              (15 damage)
             ... on level 6 of the Dungeon.
             The game lasted 00:07:51 (6563 turns).

Arthanis the Chopper (Demonspawn Berserker)         Turns: 6563, Time: 00:07:51

Health: -10/94     AC: 10    Str: 17    XL:     8   Next: 31%
Magic:  17/17      EV: 10    Int: 14    God:    Trog [****..]
Gold:   280        SH:  0    Dex: 14    Spells: 7/7 levels left

rFire    . . .     SeeInvis .   q - +0 war axe
rCold    + . .     Faith    .   (no shield)
rNeg     . . .     Spirit   .   r - +0 ring mail
rPois    .         Reflect  .   (no helmet)
rElec    .         Harm     .   l - +0 cloak
rCorr    .         Rampage  .   (no gloves)
MR       .....                  h - +0 pair of boots
Stlth    ..........             (no amulet)
HPRegen  0.25/turn              A - ring "Zasuq" {Ice Int+4}
MPRegen  0.15/turn              y - ring of magical power

@: berserking (expiring), very heavily drained, very quick
A: thin metallic scales 2, demonic guardian 2, fire resistance 1
a: Berserk, Trog's Hand, Brothers in Arms, Renounce Religion


You were on level 6 of the Dungeon.
You worshipped Trog.
Trog was greatly pleased with you.
You visited 1 branch of the dungeon, and saw 6 of its levels.
You also visited: Ossuary.

You collected 280 gold pieces.

Inventory:

Hand Weapons
 a - a +0 hand axe
 q - a +0 war axe (weapon)
 E - the +3 whip "Reska" {drain, rElec Int+3 Stlth+}
   (You found it on level 5 of the Dungeon)

   A truly terrible weapon, it drains the life of those it strikes.
   It affects your intelligence (+3).
   It insulates you from electricity.
   It makes you more stealthy.
Armour
 b - a +0 animal skin
 h - a +0 pair of boots (worn)
 l - a +0 cloak (worn)
 r - a +0 ring mail (worn)
Jewellery
 y - a ring of magical power (right hand)
 A - the ring "Zasuq" (left hand) {Ice Int+4}
   (You found it in an ossuary)

   [ring of ice]

   It enhances your ice magic.
   It affects your intelligence (+4).
   It makes you vulnerable to fire.
   It protects you from cold.
Scrolls
 c - 4 scrolls of teleportation
 d - 2 scrolls of enchant armour {unknown}
 j - 4 scrolls of remove curse
 k - 3 scrolls of magic mapping {unknown}
 n - 3 scrolls of identify {unknown}
 o - 4 scrolls of immolation
 p - a scroll of enchant weapon {unknown}
 t - 2 scrolls of blinking {unknown}
 u - 2 scrolls of fog {unknown}
 v - 2 scrolls of amnesia {unknown}
 z - 2 scrolls of fear {unknown}
 F - a scroll of noise {unknown}
Potions
 e - 3 potions of resistance {unknown}
 f - 2 potions of magic {unknown}
 g - a potion of invisibility {unknown}
 i - a potion of degeneration {unknown}
 m - 2 potions of mutation {unknown}
 s - 4 potions of curing {unknown}
 w - 4 potions of heal wounds {unknown}
 x - a potion of flight {unknown}
 B - a potion of brilliance {unknown}
 C - a potion of ambrosia {unknown}
 D - a potion of might {unknown}


   Skills:
 + Level 5.5(1.3) Fighting
 * Level 6.6(2.3) Axes
 + Level 4.5(0.4) Armour
 - Level 4.0(0.0) Dodging


You had 7 spell levels left.
You didn't know any spells.
Your spell library was empty.

Dungeon Overview and Level Annotations

Branches:
Dungeon (6/15)            Ossuary (visited)
 Temple: D:4-7

Altars:
Cheibriados
Gozag
Trog
Uskayaw

Annotations:
D:5 3 runed translucent doors, Flugslaktarn's ghost, novice DDFi


Innate Abilities, Weirdness & Mutations

You are mostly covered in thin metallic scales. (AC +3)
A demonic guardian rushes to your aid.
Your flesh is heat resistant. (rF+)


Message History

The white imp dies!
Trog accepts your kill.
Found 8 gold pieces.
You see here a leopard gecko corpse.
You slash the orc wizard!
The orc wizard is heavily wounded.
The orc warrior hits you from afar with a +0 glaive!
* * * LOW HITPOINT WARNING * * *
The orc throws a boomerang.
The boomerang hits you but does no damage.
The weapon returns to the orc!
The orc wizard hits you but does no damage.
You closely miss the orc wizard.
The orc wizard is heavily wounded.
Your soul eater disappears in a puff of smoke!
The orc throws a boomerang.
The boomerang barely misses you. The orc wizard casts a spell at you.
You resist with some effort.
The orc warrior hits you from afar with a +0 glaive!
You die...

........#
#........
##.......#(#
........[#.#
#o.o....#.#
##..ooa..#.#
#.$....o.#.###
#@ยง)...#
##.[)#.#
#.)...###
##......## #
#..#....####.#
#..#..#.#....#
#..##.....####
...####......###
................#


You could see an orc warrior, a worker ant, an orc wizard and 3 orcs.

Vanquished Creatures
  An ogre (D:4)
  A black bear (D:6)
  A centaur (D:6)
  Blork the orc (D:4)
  2 bullfrog zombies (Ossuary)
  2 orc priests
  A bullfrog skeleton (D:4)
  13 mummies (Ossuary)
  An orc wizard (D:5)
  A worker ant (D:5)
  5 hound zombies
  A hound skeleton (D:5)
  5 howler monkey zombies (Ossuary)
  3 worker ant zombies
  8 adders
  3 gnolls (D:5)
  An ooze (D:1)
  2 adder zombies (Ossuary)
  A worm (D:4)
  4 dart slugs
  3 leopard geckos
  14 orcs
  10 ball pythons (D:2)
  9 giant cockroaches
  3 goblins
  6 hobgoblins
  11 jackals
  A quokka (D:5)
  6 bats
  7 frilled lizards
  9 kobolds
  3 rats (D:1)
139 creatures vanquished.

Vanquished Creatures (collateral kills)
  An ice beast (D:6)
  An ogre (D:5)
  An orc priest (D:6)
  A worker ant (D:6)
  An orc wizard (D:6)
  A white imp (D:6)
  A leopard gecko (D:4)
  2 orcs (D:6)
9 creatures vanquished.

Vanquished Creatures (others)
  3 withered plants (Ossuary)
3 creatures vanquished.

Grand Total: 151 creatures vanquished

Notes
Turn   | Place    | Note
-------+----------+-------------------------------------------
     0 | D:1      | Arthanis the Demonspawn Berserker began the quest for the
                  | Orb.
     0 | D:1      | Reached XP level 1. HP: 18/18 MP: 1/1
   270 | D:1      | Gained mutation: You are partially covered in thin metallic
                  | scales. (AC +2) [demonic ancestry]
   270 | D:1      | Reached XP level 2. HP: 11/24 MP: 2/2
   543 | D:1      | Reached skill level 3 in Axes
   875 | D:1      | Gained mutation: You are mostly covered in thin metallic
                  | scales. (AC +3) [demonic ancestry]
   875 | D:1      | Reached XP level 3. HP: 18/29 MP: 3/3
  1784 | D:2      | Reached ** piety under Trog
  1846 | D:2      | Found a snail-covered altar of Cheibriados.
  1897 | D:2      | Gained mutation: A weak demonic guardian rushes to your
                  | aid. [demonic ancestry]
  1897 | D:2      | Reached XP level 4. HP: 25/35 MP: 4/4
  2941 | D:3      | Found a hide-covered altar of Uskayaw.
  2950 | D:3      | Reached *** piety under Trog
  3013 | D:3      | Reached XP level 5. HP: 42/42 MP: 5/5
  3166 | D:3      | Reached skill level 4 in Axes
  3400 | D:3      | You fall into a shaft and drop 1 floor!
  3436 | D:4      | Found a sand-covered staircase.
  3442 | Ossuary  | Entered an ossuary
  3468 | Ossuary  | Reached XP level 6. HP: 48/48 MP: 6/6
  3672 | Ossuary  | Reached skill level 5 in Axes
  3776 | Ossuary  | Reached **** piety under Trog
  3776 | Ossuary  | Gained mutation: Your flesh is heat resistant. (rF+)
                  | [demonic ancestry]
  3776 | Ossuary  | Reached XP level 7. HP: 44/55 MP: 7/7
  3957 | Ossuary  | Got an ancient platinum ring
  4030 | D:4      | Identified the ring "Zasuq" {Ice Int+4} (You found it in an
                  | ossuary)
  4539 | D:4      | Noticed Blork the orc
  4626 | D:4      | Killed Blork the orc
  5330 | D:5      | Entered Level 5 of the Dungeon
  5349 | D:5      | Reached skill level 5 in Fighting
  5600 | D:5      | Got a steaming whip
  5604 | D:5      | Identified the +3 whip "Reska" {drain, rElec Int+3 Stlth+}
                  | (You found it on level 5 of the Dungeon)
  5857 | D:5      | Found a bloodstained altar of Trog.
  6122 | D:5      | Reached skill level 6 in Axes
  6127 | D:5      | Gained mutation: A demonic guardian rushes to your aid.
                  | [demonic ancestry]
  6127 | D:5      | Reached XP level 8. HP: 62/62 MP: 8/8
  6286 | D:5      | Found a runed translucent gate.
  6287 | D:5      | Found an opulent altar of Gozag.
  6289 | D:5      | Found a runed translucent gate.
  6289 | D:5      | Found a runed translucent gate.
  6290 | D:5      | Noticed Flugslaktarn's ghost (novice DDFi)
  6563 | D:6      | Mangled by an orc warrior

Illustrated notes

Levels and vault maps discovered:
D:1:      evilmike_arrival_plus, layout_basic
D:2:      layout_loops_cross, overflow_temple_1_default, minmay_snake_closets
D:3:      layout_loops_corners, nicolae_overflow_crystal_walls
D:4:      layout_cave_pods, lightli_ossuary_entry_decrepit_ruins,
          corexii_leaking_fountain, uniq_blork_the_orc
D:5:      layout_basic, kennysheep_mini, ebering_ghost_gozag
D:6:      layout_rooms, nicolae_ru_sacrificial_ziggurat, serial_shops,
          shop_fountains, kennysheep_slug_shrine, uniq_menkaure

Skill      XL: |  1  2  3  4  5  6  7 |
---------------+----------------------+-----
Armour         | 2 3 4 |  4.5
Dodging        | 2 3 4 |  4.0
Axes           | 3 4 5 6 |  6.6
Fighting       | 4 5 |  5.5

Action                   |  1- 3 |  4- 6 |  7- 9 || total
-------------------------+-------+-------+-------++-------
Melee: Hand axe          |   117 |   102 |       ||   219
       War axe           |       |   125 |   142 ||   267
       Whip              |       |       |    45 ||    45
       Unarmed           |       |       |     1 ||     1
Invok: Berserk           |     1 |     3 |     5 ||     9
       Trog's Hand       |       |       |     2 ||     2
  Use: Scroll            |       |     1 |     2 ||     3
 Stab: Sleeping          |     2 |     3 |       ||     5
       Distracted        |       |     1 |     1 ||     2
Armor: Animal skin       |    52 |    55 |       ||   107
       Ring mail         |       |    42 |   102 ||   144
Dodge: Dodged            |   118 |   146 |   121 ||   385

Table legend: (Time is in decaauts)
 A = Elapsed time spent in this place.
 B = Non-inter-level travel time spent in this place.
 C = Inter-level travel time spent in this place.
 D = Time resting spent in this place.
 E = Time spent auto-exploring this place.
 F = Levels seen in this place.
 G = Mean time per level.
                   A        B        C        D        E       F      G
               +--------+--------+--------+--------+--------+-----+--------+
         Total |   6761 |   6712 |     49 |      0 |   5504 |   7 |  965.9 |
       Dungeon |   6105 |   6056 |     49 |      0 |   5106 |   6 | 1017.5 |
       Ossuary |    656 |    656 |      0 |      0 |    397 |   1 |  656.0 |
               +--------+--------+--------+--------+--------+-----+--------+

Top non-repeatable levels by time:
     D:1: 1620 daAuts
     D:4: 1391 daAuts
     D:2: 1364 daAuts
     D:5: 1180 daAuts
 Ossuary: 656 daAuts
     D:3: 477 daAuts
     D:6: 70 daAuts
